 Dungeon Crawl Stone Soup version 0.31-a0-986-g5e6e4ef867 (webtiles) character file.

Game seed: 672239278802454936

5928 mightbedylan the Nimble (level 11, -3/79 HPs)
             Began as a Djinni Hexslinger on Nov 4, 2023.
             Was an Elder of Nemelex Xobeh.
             Slain by a yak (9 damage)
             ... on level 1 of the Lair of Beasts on Nov 5, 2023.
             The game lasted 01:47:58 (8064 turns).

mightbedylan the Nimble (Djinni Hexslinger)         Turns: 8064, Time: 01:47:58

Health: -3/79      AC:  4    Str:  7    XL:     11   Next: 9%
Gold:   470        EV: 16    Int: 30    God:    Nemelex Xobeh [****..] SH:  0 Dex: 17

rFire   + + +        a - +2 sling
rCold   x . .        C - orb {mayhem}
rNeg    . . .        z - +2 robe {rF+}
rPois   ∞            (no helmet)
rElec   .            (no cloak)
rCorr   .            (no gloves)
SInv    .            (boots unavailable)
Will    .....        (no amulet)
Stlth   ++           d - +6 ring of intelligence
HPRegen 0.33/turn    v - +6 ring of intelligence
MPRegen 0.00/turn

%: mayhem, infuse magic (-4 HP)
@: weak-willed, jinxed, flying
A: sickness immunity, fire resistance 2, cold vulnerability 1, float, innate
caster, HP casting, extra vitality 1
a: Renounce Religion, Draw Escape, Draw Destruction, Draw Summoning, Triple
Draw, Deal Four


You were on level 1 of the Lair of Beasts.
You worshipped Nemelex Xobeh.
Nemelex Xobeh was greatly pleased with you.
You visited 3 branches of the dungeon, and saw 12 of its levels.
You also visited: Sewer.

You collected 530 gold pieces.
You spent 60 gold pieces at shops.

Inventory:

Hand Weapons
 a - a +2 sling (weapon)
 x - a +4 trident of draining
Missiles
 r - 6 throwing nets
Armour
 c - a +0 robe
 y - an orb of guile
 z - a +2 robe of fire resistance (worn)
 C - an orb of mayhem (worn)
Jewellery
 d - a +6 ring of intelligence (left hand)
 i - a ring of positive energy
 j - a ring of protection from cold
 v - a +6 ring of intelligence (right hand)
 D - the amulet of the First Runes {Spirit rN+ Str+3}
   (You found it on level 8 of the Dungeon)

   [amulet of guardian spirit]

   Spirit:    It causes incoming damage to be divided between your reserves of
   health and magic.
   Str+3:     It affects your strength (+3).
   rN+:       It protects you from negative energy.
Talismans
 s - a flux talisman
Wands
 k - a wand of mindburst (19)
Scrolls
 b - a scroll of poison
 g - 2 scrolls of revelation
 m - 4 scrolls of fog
 n - a scroll of fear
 p - 2 scrolls of amnesia
 u - 2 scrolls of blinking
 F - a scroll of teleportation
 G - a scroll of vulnerability
Potions
 e - a potion of magic
 f - 2 potions of lignification
 h - 5 potions of curing
 l - 3 potions of cancellation
 o - a potion of mutation
 t - a potion of enlightenment
 w - a potion of ambrosia
 A - a potion of heal wounds
 B - 2 potions of brilliance
 E - a potion of might {unknown}


   Skills:
 + Level 7.1 Fighting
 + Level 6.1 Ranged Weapons
 + Level 8.1 Dodging
 * Level 8.0 Spellcasting
 * Level 8.0 Conjurations
 * Level 8.0 Hexes
 * Level 8.0 Summonings
 * Level 8.0 Necromancy
 * Level 8.0 Translocations
 * Level 8.0 Transmutations
 * Level 8.0 Fire Magic
 * Level 8.0 Ice Magic
 * Level 8.0 Air Magic
 * Level 8.0 Earth Magic
 * Level 8.0 Poison Magic


You knew the following spells:

 Your Spells              Type           Power      Damage    Failure   Level
a - Jinxbite              Hex            100%       N/A       1%          2
b - Sigil of Binding      Hex            56%        N/A       1%          3
c - Inner Flame           Hex/Fire       56%        N/A       1%          3
d - Cause Fear            Hex            28%        N/A       1%          4
e - Dimensional Bullseye  Hex/Tloc       28%        N/A       1%          4
f - Summon Small Mammal   Summ           100%       N/A       1%          1
g - Passwall              Tmut/Erth      46%        N/A       1%          2
h - Dazzling Flash        Conj/Hex       100%       N/A       1%          3
i - Stone Arrow           Conj/Erth      100%       3d13      1%          3
j - Manifold Assault      Tloc           56%        N/A       1%          4
Your spell library was empty.

Dungeon Overview and Level Annotations

Branches:
Dungeon (10/15)            Temple (1/1) D:6            Lair (1/5) D:9
  Sewer (visited)
    Orc: D:9-12

Altars:
Ashenzari
Cheibriados
Dithmenos
Elyvilon
Fedhas
Gozag
Hepliaklqana
Makhleb
Nemelex Xobeh
Okawaru
Qazlal
Ru
Trog
Uskayaw
Wu Jian
Xom
Yredelemnul
Zin

Shops:
D:1 =   D:7 !   D:9 =

Annotations:
D:4 2 transporters, garrulousMonolith's ghost, amateur GnHW


Innate Abilities, Weirdness & Mutations

You are immune to sickness and miasma.
You are immune to poison.
Your flesh is very heat resistant. (rF++)
You are vulnerable to cold. (rC-)
You float through the air rather than walking.
You learn spells naturally, not from books.
Your magical power is your life essence.
You have superior vitality. (+4 MHP)


Message History

Aim: an elephant (chance to call a sprite on attack: 37%, 100% to hit)
The stone arrow hits the elephant.
The elephant is lightly wounded.
The yak bellows!
The elephant misses you.
The elephant trunk-slaps you but does no damage.
A yak comes into view.
Found a potion of cancellation.
The elephant's lost momentum returns!
The elephant tramples you.
You are shoved backwards!
Nemelex Xobeh deals you some cards!
You now have 5 escape cards, 15 destruction cards and 5 summoning cards.
You fail to use your ability.
The elephant tramples you!
You hold your ground!
The elephant trunk-slaps you.
You draw a card...
You have drawn Pain.
Press: ? - help, Shift-Dir - straight line, f/p - elephant
Aim: an elephant (lightly wounded, chance to call a sprite on attack: 37%)
The bolt of negative energy hits the elephant!!
The elephant is drained!
The elephant is heavily wounded.
The bolt of negative energy hits the elephant!!
The elephant is drained!
The elephant is moderately wounded.
The elephant barely misses you. The elephant misses you.
You fail to use your ability.
A yak comes into view.
A yak comes into view.
The yak gores you!
* * * LOW HITPOINT WARNING * * *
The yak attacks as it pursues you! The yak gores you.
* * * LOW HITPOINT WARNING * * *
You see here a potion of cancellation.
You draw a card...
You have drawn Velocity.
The yak seems to slow down.
The yak gores you!
* * * LOW HITPOINT WARNING * * *
The elephant tramples you but does no damage.
The elephant trunk-slaps you but does no damage.
The yak attacks as it pursues you! The yak gores you!
You die...
Your body glows slightly and disappears.

#......## #...#
#....##...#.
#...#
#..####....#
#...## #.#.
##...## #....#
...# #....#
#.†.## . ##...#
#..#.# #...###
##....#
#...#.####....##
#@...........#
##Y....#.#.#..#
#Y#!#######...#
#..Y# #...#
#.Y## #...#
#.Y.# ##.^.#
#YY#######....#
#.Y.Y.YY......#
#.>.###........#


You could see 2 elephants and 2 yaks.

Vanquished Creatures
  A two-headed ogre (D:8)
  An elephant (Lair:1)
  A cane toad (Lair:1)
  A troll (D:6)
  Prince Ribbit (D:6)
  Sigmund (D:4)
  5 yaks
  Menkaure (D:6)
  2 water moccasins (Lair:1)
  2 ice beasts
  An orc warrior (D:9)
  2 black bears (D:8)
  A sky beast (D:6)
  An ogre (D:6)
  4 centaurs
  A phantom (D:6)
  A kobold brigand (D:9)
  3 gnoll sergeants
  2 bullfrogs (Lair:1)
  2 scorpions
  3 killer bees (D:6)
  3 hounds
  A gnoll bouda (D:6)
  An iron imp (D:6)
  2 jellies
  4 orc priests
  An iguana (D:5)
  2 sleepcaps
  Natasha (thrice) (D:4)
  4 orc wizards
  15 gnolls
  A river rat (Sewer)
  10 adders
  A white imp (D:5)
  2 ufetubi (D:5)
  5 worms
  19 orcs
  11 ball pythons
  5 endoplasms
  4 giant cockroaches
  4 goblins
  6 hobgoblins
  3 jackals (D:5)
  10 quokkas
  3 bats
  A frilled lizard (D:1)
  19 kobolds
  7 rats
184 creatures vanquished.

Vanquished Creatures (collateral kills)
  Jeremiah (D:7)
  2 yaks (Lair:1)
  An orc wizard (D:7)
  An adder (D:4)
  2 orcs (D:7)
  3 kobolds (D:9)
10 creatures vanquished.

Vanquished Creatures (others)
  A gnoll (D:9)
1 creature vanquished.

Grand Total: 195 creatures vanquished

Notes
Turn   | Place    | Note
-------+----------+-------------------------------------------
     0 | D:1      | mightbedylan the Djinni Hexslinger began the quest for the
                  | Orb.
     0 | D:1      | mightbedylan set off with the following spells memorised:
                  | Jinxbite, Sigil of Binding, Inner Flame, Cause Fear,
                  | Dimensional Bullseye.
     0 | D:1      | Reached XP level 1. HP: 17/17 MP: 0/0
   176 | D:1      | Reached XP level 2. HP: 22/22 MP: 0/0
   496 | D:1      | Found Gihoyjy's Jewellery Emporium.
   539 | D:1      | Reached XP level 3. HP: 27/27 MP: 0/0
   539 | D:1      | Learned a level 1 spell: Summon Small Mammal
  1007 | D:2      | Reached XP level 4. HP: 25/33 MP: 0/0
  1421 | D:3      | Reached XP level 5. HP: 18/38 MP: 0/0
  1421 | D:3      | Learned a level 2 spell: Passwall
  1427 | D:3      | HP: 1/38 [orc/+0 flail (10)]
  2073 | D:3      | Found a bloodstained altar of Trog.
  2111 | D:3      | Found a glowing drain.
  2112 | Sewer    | Entered a sewer
  2287 | Sewer    | Noticed a kobold brigand
  2817 | D:4      | Identified the of Ynaujube
  2832 | D:4      | Reached XP level 6. HP: 36/45 MP: 0/0
  2866 | D:4      | Noticed Sigmund
  2874 | D:4      | Killed Sigmund
  2875 | D:4      | Reached XP level 7. HP: 50/50 MP: 0/0
  2875 | D:4      | Learned a level 3 spell: Dazzling Flash
  3001 | D:4      | Noticed Natasha
  3016 | D:4      | Killed Natasha
  3178 | D:4      | Noticed Natasha
  3185 | D:4      | Killed Natasha
  3288 | D:4      | Found a sparkling altar of Nemelex Xobeh.
  3292 | D:4      | Became a worshipper of Nemelex Xobeh the Trickster
  3353 | D:4      | Found a transporter.
  3359 | D:4      | Noticed garrulousMonolith's ghost (amateur GnHW)
  3373 | D:4      | Found a transporter.
  3492 | D:5      | Entered Level 5 of the Dungeon
  3831 | D:5      | Found a hide-covered altar of Uskayaw.
  4267 | D:5      | Found a hazy altar of Hepliaklqana.
  4380 | D:4      | Noticed Natasha
  4383 | D:4      | Killed Natasha
  4404 | D:6      | Reached * piety under Nemelex Xobeh
  4411 | D:6      | Noticed Prince Ribbit
  4419 | D:6      | Killed Prince Ribbit
  4420 | D:6      | Reached XP level 8. HP: 43/58 MP: 0/0
  4498 | D:6      | Reached skill level 5 in Dodging
  4498 | D:6      | Reached skill level 5 in Spellcasting
  4498 | D:6      | Reached skill level 5 in Conjurations
  4498 | D:6      | Reached skill level 5 in Hexes
  4498 | D:6      | Reached skill level 5 in Summonings
  4498 | D:6      | Reached skill level 5 in Necromancy
  4498 | D:6      | Reached skill level 5 in Translocations
  4498 | D:6      | Reached skill level 5 in Transmutations
  4498 | D:6      | Reached skill level 5 in Fire Magic
  4498 | D:6      | Reached skill level 5 in Ice Magic
  4498 | D:6      | Reached skill level 5 in Air Magic
  4498 | D:6      | Reached skill level 5 in Earth Magic
  4498 | D:6      | Reached skill level 5 in Poison Magic
  4536 | D:6      | Found a stormy altar of Qazlal.
  4540 | D:6      | Received a gift from Nemelex Xobeh
  4742 | D:6      | Noticed Menkaure
  4869 | D:6      | Noticed a troll
  4874 | D:6      | Killed a troll
  4875 | D:6      | Reached XP level 9. HP: 59/64 MP: 0/0
  4875 | D:6      | Learned a level 3 spell: Stone Arrow
  5143 | D:6      | Reached skill level 5 in Fighting
  5177 | D:6      | Killed Menkaure
  5369 | D:6      | Found a snail-covered altar of Cheibriados.
  5636 | D:6      | Found a staircase to the Ecumenical Temple.
  5646 | Temple   | Entered the Ecumenical Temple
  5685 | D:7      | Noticed Jeremiah
  5700 | D:7      | Killed Jeremiah
  5875 | D:7      | Reached ** piety under Nemelex Xobeh
  6042 | D:7      | Found a blossoming altar of Fedhas.
  6348 | D:7      | Found Zeixt's Distillery.
  6352 | D:7      | Bought a potion of brilliance for 60 gold pieces
  6483 | D:8      | Reached skill level 5 in Ranged Weapons
  6530 | D:8      | Received a gift from Nemelex Xobeh
  6629 | D:8      | Reached *** piety under Nemelex Xobeh
  6636 | D:8      | Found a white marble altar of Elyvilon.
  6687 | D:8      | Reached XP level 10. HP: 68/72 MP: 0/0
  6758 | D:8      | Identified the amulet of the First Runes {Spirit rN+ Str+3}
  6855 | D:8      | Noticed a two-headed ogre
  6860 | D:8      | Killed a two-headed ogre
  7147 | D:9      | Found Ciffi's One-of-a-Kind Rings.
  7459 | D:9      | Reached **** piety under Nemelex Xobeh
  7459 | D:9      | Received a gift from Nemelex Xobeh
  7474 | D:9      | Found a staircase to the Lair.
  7704 | D:10     | Entered Level 10 of the Dungeon
  7740 | Lair:1   | Entered Level 1 of the Lair of Beasts
  7885 | Lair:1   | Noticed a cane toad
  7889 | Lair:1   | Killed a cane toad
  7896 | Lair:1   | Reached XP level 11. HP: 68/79 MP: 0/0
  7896 | Lair:1   | Learned a level 4 spell: Manifold Assault
  8029 | Lair:1   | Noticed an elephant
  8039 | Lair:1   | Killed an elephant
  8040 | Lair:1   | Noticed an elephant
  8040 | Lair:1   | Noticed an elephant
  8040 | Lair:1   | Noticed an elephant
  8041 | Lair:1   | Noticed an elephant
  8041 | Lair:1   | Noticed an elephant
  8055 | Lair:1   | Received a gift from Nemelex Xobeh
  8064 | Lair:1   | Slain by a yak

Illustrated notes

Levels and vault maps discovered:
D:1:      dpeg_arrival_windows_large_door, layout_basic, serial_shops,
          nicolae_shop_tiny_statue_garden
D:2:      layout_basic
D:3:      layout_basic, old_standard_altar, lemuel_coloured_pillars_altar,
          gup_sewer_entry_spiral, minmay_puff
D:4:      layout_rooms, nemelex_diamond_rough_becter,
          gammafunk_ghost_stat_death, uniq_natasha, uniq_sigmund
D:5:      layout_loops_cross, worldfamousw_hep_ancestral_shrine,
          mainiacjoe_overflow_brackets
D:6:      layout_basic, chei_slow_surprise, nicolae_qazlal_beasts_of_the_sky,
          minmay_temple_entry_offerings, uniq_menkaure, uniq_prince_ribbit1
D:7:      layout_basic, grunt_temple_overflow_growth_and_decay, serial_shops,
          nicolae_shop_tiny_real_fake_doors, uniq_jeremiah
D:8:      layout_cave_pools, nicolae_elyvilon_peaceful_grove
D:9:      layout_cave_pools, lair_entry_dummy, serial_bayou_pond_e,
          nicolae_shop_unique_rings
D:10:     layout_roguey, nicolae_tso_carved_into_rock, grunt_decor_junction
Temple:   grunt_temple_mini_profane
Lair:1:   layout_concentric_octagons, gauntlet_entry_generic

Skill      XL: |  1  2  3  4  5  6  7  8  9 10 11 |
---------------+----------------------------------+-----
Ranged Weapons | 2 3 4 5 6 |  6.1
Spellcasting   | 3 4 5 6 7 8 |  8.0
Conjurations   | 3 4 5 6 7 8 |  8.0
Hexes          | 3 4 5 6 7 8 |  8.0
Summonings     | 3 4 5 6 7 8 |  8.0
Necromancy     | 3 4 5 6 7 8 |  8.0
Translocations | 3 4 5 6 7 8 |  8.0
Transmutations | 3 4 5 6 7 8 |  8.0
Fire Magic     | 3 4 5 6 7 8 |  8.0
Ice Magic      | 3 4 5 6 7 8 |  8.0
Air Magic      | 3 4 5 6 7 8 |  8.0
Earth Magic    | 3 4 5 6 7 8 |  8.0
Poison Magic   | 3 4 5 6 7 8 |  8.0
Fighting       | 2 3 4 5 7 |  7.1
Dodging        | 3 4 5 6 8 |  8.1

Action                     |  1- 3 |  4- 6 |  7- 9 | 10-12 || total
---------------------------+-------+-------+-------+-------++-------
   Fire: Sling             |    85 |   142 |   192 |    62 ||   481
   Cast: Jinxbite          |    10 |    17 |    31 |    13 ||    71
         Passwall          |       |     3 |       |       ||     3
         Sigil of Binding  |       |     2 |     3 |     2 ||     7
         Summon Small Mamm |       |     2 |     1 |     1 ||     4
         Inner Flame       |       |       |    14 |     9 ||    23
         Dazzling Flash    |       |       |     1 |     1 ||     2
         Cause Fear        |       |       |     1 |     4 ||     5
         Stone Arrow       |       |       |    18 |    15 ||    33
         Dimensional Bulls |       |       |     1 |     1 ||     2
 Invoke: Draw Destruction  |       |       |     4 |     4 ||     8
         Draw Escape       |       |       |     2 |     1 ||     3
         Draw Summoning    |       |       |     1 |       ||     1
  Evoke: Wand              |       |     8 |    15 |     9 ||    32
    Use: Scroll            |       |    10 |     3 |     3 ||    16
         Potion            |       |     7 |     5 |       ||    12
 Armour: Robe              |    25 |    35 |    97 |    30 ||   187
         Skin              |       |    28 |       |       ||    28
  Dodge: Dodged            |    36 |    34 |   119 |    27 ||   216

Table legend: (Time is in decaauts)
 A = Elapsed time spent in this place.
 B = Non-inter-level travel time spent in this place.
 C = Inter-level travel time spent in this place.
 D = Time resting spent in this place.
 E = Time spent auto-exploring this place.
 F = Levels seen in this place.
 G = Mean time per level.
                   A        B        C        D        E       F      G
               +--------+--------+--------+--------+--------+-----+--------+
         Total |   8157 |   7855 |    302 |    810 |   5459 |  13 |  627.5 |
       Dungeon |   7483 |   7181 |    302 |    684 |   5142 |  10 |  748.3 |
        Temple |      1 |      1 |      0 |      0 |      0 |   1 |    1.0 |
          Lair |    326 |    326 |      0 |     77 |    136 |   1 |  326.0 |
         Sewer |    345 |    345 |      0 |     49 |    181 |   1 |  345.0 |
               +--------+--------+--------+--------+--------+-----+--------+

Top non-repeatable levels by time:
     D:6: 1259 daAuts
     D:3: 1141 daAuts
     D:5: 860 daAuts
     D:7: 777 daAuts
     D:4: 753 daAuts
     D:9: 741 daAuts
     D:2: 698 daAuts
     D:1: 693 daAuts
     D:8: 556 daAuts
   Sewer: 345 daAuts
  Lair:1: 326 daAuts
  Temple: 1 daAuts
    D:10: 1 daAuts
